 Dungeon Crawl Stone Soup version 0.23.2-33-g5129a83184 (webtiles) character file.

Game seed: 7683928988101217353

20077 Joat the Evangelist (level 12, -2/112 HPs)
             Began as a Hill Orc Monk on July 5, 2019.
             Was an Elder of Beogh.
             Slain by a tyrant leech (16 damage)
             ... on level 4 of the Lair of Beasts.
             The game lasted 00:58:01 (12916 turns).

Joat the Evangelist (Hill Orc Monk)                Turns: 12916, Time: 00:58:02

Health: -2/112     AC: 11    Str: 23    XL:     12   Next: 75%
Magic:  24/24      EV: 13    Int: 10    God:    Beogh [****..]
Gold:   802        SH:  0    Dex: 19    Spells: 11/11 levels left

rFire    . . .     SeeInvis .   a - +5 battleaxe (flame)
rCold    . . .     Gourm    .   (shield currently unavailable)
rNeg     + . .     Faith    +   e - +0 troll leather armour {Purgy}
rPois    .         Spirit   .   d - +0 helmet
rElec    .         Reflect  .   K - scarf {repulsion}
rCorr    .         Harm     .   C - +2 pair of gloves "Oloatt" {*Contam Str+6}
MR       .....                  H - +2 pair of boots
Stlth    +.........             E - amulet of faith
HPRegen  0.68/turn              i - +4 ring of dexterity
MPRegen  0.19/turn              Q - ring of positive energy

@: repel missiles, very slow
A: no striking features
a: Smiting, Recall Orcish Followers, Renounce Religion


You were on level 4 of the Lair of Beasts.
You worshipped Beogh.
Beogh was greatly pleased with you.
You were not hungry.

You visited 3 branches of the dungeon, and saw 14 of its levels.
You also visited: Sewer.

You collected 802 gold pieces.

Inventory:

Hand Weapons
 a - a +5 battleaxe of flaming (weapon)
 j - a +0 arbalest
 o - a +3 halberd
 w - a +0 trident
 x - a +3 scimitar of flaming
 L - a +0 halberd
 N - a +1 spear of flaming
Missiles
 A - 3 throwing nets (quivered)
Armour
 d - a +0 helmet (worn)
 e - a +0 troll leather armour (worn) {Purgy}
 C - the +2 pair of gloves "Oloatt" (worn) {*Contam Str+6}
   (You found it on level 6 of the Dungeon)

   It affects your strength (+6).
   It causes magical contamination when unequipped.
 H - a +2 pair of boots (worn)
 J - a +0 leather armour of cold resistance
 K - a scarf of repulsion (worn)
 M - a scarf of cloud immunity
Jewellery
 i - a +4 ring of dexterity (left hand)
 k - an uncursed ring of ice
 l - a +1 ring of protection
 q - an uncursed ring of fire
 s - an uncursed ring of magical power
 u - an uncursed ring of flight
 E - an amulet of faith (around neck)
 Q - a ring of positive energy (right hand)
Wands
 b - a wand of iceblast (7)
 r - a wand of acid (6)
 D - a wand of digging (9)
 F - a wand of polymorph (14)
 I - a wand of flame (45)
Scrolls
 g - 4 scrolls of identify
 h - a scroll of blinking
 n - 3 scrolls of teleportation
 z - 2 scrolls of enchant armour
 G - 5 scrolls of remove curse
 P - a scroll of magic mapping
 S - a scroll of amnesia
Potions
 f - a potion of heal wounds
 m - 8 potions of curing
 p - 4 potions of agility
 t - 4 potions of brilliance
 v - 2 potions of might
 B - a potion of haste
 R - a potion of cancellation
Miscellaneous
 y - a phantom mirror
Comestibles
 c - 29 rations
 O - a chunk of flesh


   Skills:
 - Level 11.8 Fighting
 + Level 15.7 Axes
 - Level 2.4 Dodging
 - Level 1.5 Stealth
 + Level 16.6 Invocations


You had 11 spell levels left.
You didn't know any spells.
Your spell library contained the following spells:

 Spells                   Type           Power        Failure   Level  Hunger
 Corona                   Hex            #......      41%         1    ##.....
 Flame Tongue             Conj/Fire      #....        41%         1    ##.....
 Freeze                   Ice            #...         41%         1    ##.....
 Summon Small Mammal      Summ           #...         41%         1    ##.....
 Call Imp                 Summ           #.......     54%         2    ###....
 Ensorcelled Hibernation  Hex/Ice        #.....       54%         2    ###....
 Throw Flame              Conj/Fire      #.....       54%         2    ###....
 Throw Frost              Conj/Ice       #.....       54%         2    ###....
 Call Canine Familiar     Summ           #.......     78%         3    ####...
 Confuse                  Hex            #.......     78%         3    ####...
 Conjure Flame            Conj/Fire      #.......     78%         3    ####...
 Dazzling Spray           Conj/Hex       #.....       78%         3    ####...
 Inner Flame              Hex/Fire       #.......     78%         3    ####...
 Ozocubu's Armour         Chrm/Ice       #.......     78%         3    ####...
 Summon Guardian Golem    Hex/Summ       #.......     78%         3    ####...
 Tukima's Dance           Hex            #.......     78%         3    ####...
 Leda's Liquefaction      Hex/Erth       #.........   99%         4    #####..
 Sticky Flame             Conj/Fire      #.......     99%         4    #####..
 Summon Ice Beast         Ice/Summ       #.......     99%         4    #####..
 Summon Lightning Spire   Summ/Air       #.......     99%         4    #####..
 Throw Icicle             Conj/Ice       #.......     99%         4    #####..
 Bolt of Magma            Conj/Fire/Erth #.........   100%        5    ######.
 Fireball                 Conj/Fire      #.........   100%        5    ######.
 Iron Shot                Conj/Erth      #.........   100%        6    #######
 Statue Form              Tmut/Erth      #........    100%        6    #######
 Shatter                  Erth           #.........   100%        9    #######


Dungeon Overview and Level Annotations

Branches:
Dungeon (9/15)             Temple (1/1) D:7            Lair (4/6) D:9
  Swamp (0/4) Lair:4        Snake (0/4) Lair:3          Orc (0/2) D:9

Altars:
Ashenzari
Cheibriados
Dithmenos
Elyvilon
Fedhas
Gozag
Hepliaklqana
Kikubaaqudgha
Makhleb
Nemelex Xobeh
Okawaru
Qazlal
Ru
Sif Muna
Trog
Uskayaw
Vehumet
Wu Jian
Xom
Yredelemnul
The Shining One
Beogh

Annotations:
Lair:2 exclusion: oklob plant


Message History

The swamp worm closely misses you. The tyrant leech closely misses you.
The swamp worm bites you!
Your unstable footing causes you to fumble your attack.
The tyrant leech bites you!!
The tyrant leech draws strength from your injuries!
The swamp worm bites you!!
* * * LOW HITPOINT WARNING * * *
Unknown command.
You miss the tyrant leech. You hit the swamp worm. You burn the swamp worm.
Your orc knight hits the tyrant leech but does no damage.
The swamp worm bites you!
* * * LOW HITPOINT WARNING * * *
Unknown command.
You slash the tyrant leech! You burn the tyrant leech.
The tyrant leech is moderately wounded.
You slash the swamp worm! You burn the swamp worm.
You kill the swamp worm!
Beogh accepts your kill. The tyrant leech bites you!
You die...

##..................
#...................
#..................
#.................
.#
##....♣♣♣♣♣...#.P..
... #.#..♣♣§♣§♣♣.o#
# ....
##...♣§§§§§♣§##
#..##..(.♣§woo≈.§#
##..#....♣@≈≈≈§♣##
##........♣♣♣≈≈♣♣
#P.........♣♣♣♣♣
##............#
#.............##
###............#
##..........P#
#.....#.#..##
###........##


You could see a tyrant leech and 2 friendly orc knights.

Vanquished Creatures
  Fannar (Lair:1)
  Erica (Lair:1)
  2 hydras
  A two-headed ogre (D:8)
  A death yak (Lair:4)
  Sonja (Lair:1)
  Joseph (D:7)
  3 black mambas
  2 spiny frogs
  5 komodo dragons
  4 blink frogs (Lair:4)
  A hornet (D:8)
  A polar bear (Lair:3)
  2 dream sheep (D:8)
  4 hippogriffs
  2 wyverns
  12 yaks
  A basilisk (Lair:1)
  Grum (D:8)
  Eustachio (D:6)
  2 swamp worms (Lair:4)
  5 porcupines
  4 water moccasins
  A black bear (D:6)
  An eye of draining (D:9)
  An ice beast (D:5)
  Purgy (Sewer)
  2 phantoms
  A sky beast (D:8)
  7 ogres
  An orc warrior (D:8)
  2 wolves (D:8)
  4 centaurs
  3 crocodiles
  5 big kobolds
  6 bullfrogs
  A water moccasin zombie (D:6)
  3 wights (D:9)
  4 howler monkeys
  A quasit (D:8)
  4 bullfrog zombies
  A jelly (D:8)
  An orc priest (D:8)
  6 hounds
  10 orc wizards
  2 bullfrog skeletons (D:4)
  An iguana (D:7)
  4 worker ants
  A hound skeleton (D:7)
  A worker ant zombie (D:9)
  4 gnolls (D:3)
  10 adders
  2 shadow imps
  An ooze (D:4)
  2 adder skeletons
  3 worms
  A dart slug (D:3)
  A leopard gecko (D:2)
  26 orcs
  A ball python (D:4)
  7 giant cockroaches
  9 goblins
  5 hobgoblins (D:1)
  7 jackals
  22 kobolds
  3 bats
  7 frilled lizards
  2 leopard gecko skeletons
  A quokka skeleton (D:7)
  4 rats
  14 fungi
  6 plants
271 creatures vanquished.

Vanquished Creatures (collateral kills)
  3 death yaks
  A black mamba (Lair:4)
  A spiny frog (Lair:2)
  A polar bear (Lair:4)
  6 blink frogs
  4 yaks
  A porcupine (Lair:1)
  A crocodile (Lair:1)
  A bullfrog (Lair:3)
  2 orcs (D:9)
  9 fungi
  2 plants
32 creatures vanquished.

Vanquished Creatures (others)
  2 orc wizards
  3 orcs
5 creatures vanquished.

Grand Total: 308 creatures vanquished

Notes
Turn   | Place    | Note
-------+----------+-------------------------------------------
     0 | D:1      | Joat the Hill Orc Monk began the quest for the Orb.
     0 | D:1      | Reached XP level 1. HP: 19/19 MP: 1/1
   116 | D:1      | Reached XP level 2. HP: 26/26 MP: 2/2
   207 | D:1      | Reached skill level 5 in Axes
   609 | D:1      | Reached XP level 3. HP: 31/31 MP: 3/3
  1403 | D:2      | Found a faded altar of an unknown god.
  1545 | D:2      | Found a blossoming altar of Fedhas.
  1548 | D:2      | Found an ancient bone altar of Kikubaaqudgha.
  1719 | D:3      | Reached XP level 4. HP: 13/40 MP: 4/4
  1775 | D:3      | Found a glowing drain.
  2044 | Sewer    | Entered a sewer
  2265 | Sewer    | Noticed Purgy
  2304 | Sewer    | Killed Purgy
  2304 | Sewer    | Reached XP level 5. HP: 29/47 MP: 5/5
  2440 | D:3      | Reached skill level 5 in Fighting
  2524 | D:3      | Reached XP level 6. HP: 16/56 MP: 6/6
  3420 | D:5      | Entered Level 5 of the Dungeon
  3440 | D:5      | Reached XP level 7. HP: 48/61 MP: 7/7
  3585 | D:5      | Reached skill level 10 in Axes
  3761 | D:5      | Found an ornate altar of the Wu Jian Council.
  3891 | D:5      | Reached XP level 8. HP: 24/68 MP: 8/8
  4579 | D:6      | Got a pair of warped gloves
  4585 | D:6      | Identified the +2 pair of gloves "Oloatt" {*Contam Str+6}
                  | (You found it on level 6 of the Dungeon)
  4737 | D:6      | Found a sacrificial altar of Ru.
  4814 | D:6      | Noticed Eustachio
  4862 | D:6      | Killed Eustachio
  5354 | D:6      | Reached XP level 9. HP: 66/74 MP: 9/9
  5386 | D:7      | Found a staircase to the Ecumenical Temple.
  5483 | Temple   | Entered the Ecumenical Temple
  6035 | D:7      | Found a shimmering altar of Xom.
  6036 | D:7      | Found a hazy altar of Hepliaklqana.
  6037 | D:7      | Noticed a spectral ugly thing
  6137 | D:7      | Found a transporter.
  6150 | D:7      | Found a roughly hewn altar of Beogh.
  6150 | D:7      | Found a transporter.
  6312 | D:7      | Noticed Joseph
  6351 | D:7      | Killed Joseph
  6506 | D:7      | Became a worshipper of Beogh the Brigand
  6506 | D:7      | Reached * piety under Beogh
  6506 | D:7      | Reached ** piety under Beogh
  6583 | D:8      | Noticed a two-headed ogre
  6595 | D:8      | Killed a two-headed ogre
  6595 | D:8      | Reached skill level 10 in Fighting
  6694 | D:8      | Reached XP level 10. HP: 94/94 MP: 10/10
  6843 | D:8      | Found an opulent altar of Gozag.
  7122 | D:8      | Reached skill level 1 in Invocations
  7165 | D:8      | Reached skill level 2 in Invocations
  7175 | D:8      | Reached skill level 3 in Invocations
  7182 | D:8      | Reached skill level 4 in Invocations
  7195 | D:8      | Reached skill level 5 in Invocations
  7226 | D:8      | Noticed a two-headed hydra
  7230 | D:8      | Killed a one-headed hydra
  7230 | D:8      | Reached skill level 7 in Invocations
  7416 | D:8      | Noticed Grum
  7424 | D:8      | Reached skill level 8 in Invocations
  7658 | D:8      | Killed Grum
  7915 | D:8      | Reached *** piety under Beogh
  7915 | D:8      | Reached skill level 9 in Invocations
  8184 | D:8      | Reached skill level 10 in Invocations
  8184 | D:8      | Reached XP level 11. HP: 41/104 MP: 18/18
  8373 | D:9      | Identified a scroll of acquirement
  8506 | D:9      | Found a staircase to the Lair.
  8585 | D:9      | Found a hide-covered altar of Uskayaw.
  8590 | D:9      | Reached skill level 11 in Invocations
  8613 | D:9      | Found a staircase to the Orcish Mines.
  9018 | D:9      | Found a snail-covered altar of Cheibriados.
  9086 | Lair:1   | Entered Level 1 of the Lair of Beasts
  9239 | Lair:1   | Noticed Sonja
  9246 | Lair:1   | Killed Sonja
  9246 | Lair:1   | Reached skill level 12 in Invocations
  9358 | Lair:1   | Reached skill level 13 in Invocations
  9696 | Lair:1   | Reached **** piety under Beogh
  9915 | Lair:1   | Noticed Fannar
  9923 | Lair:1   | Killed Fannar
  9923 | Lair:1   | Reached skill level 14 in Invocations
 10143 | Lair:1   | Noticed Erica
 10153 | Lair:1   | Killed Erica
 10575 | Lair:2   | Noticed an oklob plant
 10763 | Lair:2   | Reached skill level 15 in Invocations
 10829 | Lair:2   | Noticed a six-headed hydra
 10835 | Lair:2   | Killed a four-headed hydra
 10835 | Lair:2   | Reached XP level 12. HP: 88/112 MP: 23/23
 11925 | Lair:3   | Found a staircase to the Snake Pit.
 12389 | Lair:4   | Noticed a death yak
 12393 | Lair:4   | Noticed a death yak
 12400 | Lair:4   | Noticed a death yak
 12417 | Lair:3   | Killed a death yak
 12417 | Lair:3   | Reached skill level 15 in Axes
 12417 | Lair:3   | Reached skill level 16 in Invocations
 12421 | Lair:3   | Killed a death yak
 12574 | Lair:4   | Noticed a death yak
 12580 | Lair:4   | Killed a death yak
 12581 | Lair:4   | Killed a death yak
 12908 | Lair:4   | Found a staircase to the Swamp.
 12916 | Lair:4   | Slain by a tyrant leech

Skill      XL: |  1  2  3  4  5  6  7  8  9 10 11 12 |
---------------+-------------------------------------+-----
Axes           | 5 6 7 9 11 14 15 | 15.7
Fighting       | 4 5 10 11 | 11.8
Invocations    | 10 15 16 | 16.6
Dodging        | |  2.4
Stealth        | |  1.5

Action                   |  1- 3 |  4- 6 |  7- 9 | 10-12 || total
-------------------------+-------+-------+-------+-------++-------
Melee: Hand axe          |   134 |   215 |   348 |   249 ||   946
       Battleaxe         |       |       |       |   204 ||   204
Invok: Convert to Beogh  |       |       |     1 |       ||     1
       Recall Orcish Fol |       |       |       |     7 ||     7
       Stop Recall       |       |       |       |     4 ||     4
Evoke: Wand              |       |       |     3 |     2 ||     5
  Use: Scroll            |     2 |       |       |    16 ||    18
       Potion            |       |     4 |     2 |     1 ||     7
 Stab: Sleeping          |     5 |     3 |     2 |     3 ||    13
       Distracted        |       |       |     1 |     1 ||     2
  Eat: Chunk             |     3 |     5 |     8 |     9 ||    25
       Ration            |       |       |     1 |     3 ||     4
Armor: Robe              |    12 |       |       |       ||    12
       Ring mail         |    18 |    35 |       |       ||    53
       Troll leather arm |       |    25 |    63 |    86 ||   174
Dodge: Dodged            |    72 |   133 |   204 |   211 ||   620
       Deflected         |       |       |       |     4 ||     4
